General information
			
			
        
        - name: Tsl_yoyo P:|| L:16
 
        - type: Custom game
 
        - host: Tsl_yoyo
 
        - saver: SparlScaR
 
        
map: EchoIsles 
        - players: 8
 
        - length: 18:19
 
        - speed: Fast
 - version: 1.22 W3XP
 - replay type:  Public
 
» download(115 KB)
Players
        team 1 (winner) 
              
              
Tsl_yoyo (
light-blue | 148 APM | 2715 actions | 18:19)
              
 6 Mountain King 
 3 Storm Bolt
 2 Bash
 1 Avatar
 1 Paladin 
 1 Holy Light
 
                » actions 
                
                | Assign group hotkey | 307 |  | 
| Basic commands | 121 |  | 
| Build / train | 99 |  | 
| Enter build submenu | 38 |  | 
| Enter hero's abilities submenu | 7 |  | 
| Give item / drop item | 4 |  | 
| Remove unit from queue | 1 |  | 
| Right click | 1125 |  | 
| Select / deselect | 518 |  | 
| Select group hotkey | 380 |  | 
| Use ability | 115 |  | 
                2715 total
 » units 
                
                | Peasant | 21 |  | 
| Footman | 9 |  | 
| Forest Troll Berserker | 4 |  | 
| Forest Troll Shadow Priest | 4 |  | 
| Mud Golem | 2 |  | 
| Dragonhawk Rider | 5 |  | 
| Gryphon Rider | 3 |  | 
                48 total
 » upgrades
                
                | Masonry | 3 |  | 
| Lumber Harvesting | 1 |  | 
| Swords | 2 |  | 
| Armor | 3 |  | 
| Animal War Training | 1 |  | 
| Storm Hammers | 1 |  | 
                11 total
 » buildings
                
                | Altar of Kings | 1 |  | 
| Farm | 15 |  | 
| Barracks | 1 |  | 
| Scout Tower | 11 |  | 
| Arcane Vault | 2 |  | 
| Lumber Mill | 1 |  | 
| Arcane Tower | 1 |  | 
| Town Hall | 1 |  | 
| Guard Tower | 7 |  | 
| Keep | 1 |  | 
| Gryphon Aviary | 2 |  | 
| Blacksmith | 1 |  | 
| Castle | 1 |  | 
                45 total
 » build order
                00:05 Altar of Kings
00:06 Farm
00:12 Barracks
00:56 Farm
02:25 Farm
02:38 Farm
03:37 Farm
05:15 Scout Tower
05:37 Arcane Vault
05:42 Lumber Mill
05:47 Arcane Tower
05:48 Arcane Vault
06:05 Scout Tower
06:16 Town Hall
06:45 Guard Tower
06:46 Scout Tower
07:00 Keep
07:04 Scout Tower
07:13 Guard Tower
07:40 Scout Tower
07:40 Guard Tower
07:48 Scout Tower
07:52 Scout Tower
08:36 Guard Tower
08:37 Scout Tower
08:49 Guard Tower
08:50 Scout Tower
09:15 Guard Tower
09:19 Guard Tower
09:23 Farm
10:06 Gryphon Aviary
10:30 Blacksmith
11:23 Gryphon Aviary
12:45 Farm
12:46 Castle
13:24 Farm
16:22 Farm
16:23 Farm
16:27 Farm
16:38 Farm
16:39 Farm
16:40 Farm
16:43 Farm
18:18 Scout Tower
18:18 Scout Tower
» items
                
                | Scroll of Regeneration | 1 |  | 
| Lesser Clarity Potion | 5 |  | 
| Scroll of Healing | 2 |  | 
| Potion of Lesser Invulnerability | 2 |  | 
| Dust of Appearance | 1 |  | 
| Potion of Mana | 2 |  | 
| Potion of Healing | 2 |  | 
| Staff of Sanctuary | 1 |  | 
| Ivory Tower | 3 |  | 
| Scroll of Protection | 1 |  | 
                20 total
  
               team 2 (loser) 
              
              
K@yliN (
yellow | 142 APM | 2605 actions | 18:19)
              
 4 Blademaster 
 2 Wind Walk
 2 Critical Strike
 3 Shadow Hunter 
 1 Hex
 2 Healing Wave
 
                » actions 
                
                | Assign group hotkey | 34 |  | 
| Basic commands | 1 |  | 
| Build / train | 64 |  | 
| Enter build submenu | 14 |  | 
| Enter hero's abilities submenu | 7 |  | 
| Give item / drop item | 3 |  | 
| Right click | 826 |  | 
| Select / deselect | 420 |  | 
| Select group hotkey | 1144 |  | 
| Use ability | 92 |  | 
                2605 total
 » units 
                
                | Peon | 18 |  | 
| Grunt | 4 |  | 
| Wind Rider | 5 |  | 
| Raider | 5 |  | 
| Troll Batrider | 6 |  | 
                38 total
 » upgrades
                
                | Ensnare | 1 |  | 
| Reinforced Defenses | 1 |  | 
                2 total
 » buildings
                
                | Altar of Storms | 1 |  | 
| Orc Burrow | 4 |  | 
| Barracks | 1 |  | 
| Voodoo Lounge | 1 |  | 
| Stronghold | 1 |  | 
| Beastiary | 3 |  | 
| Great Hall | 2 |  | 
| War Mill | 1 |  | 
| Fortress | 1 |  | 
                15 total
 » build order
                00:06 Altar of Storms
00:15 Orc Burrow
00:35 Barracks
01:43 Voodoo Lounge
02:21 Stronghold
02:30 Orc Burrow
03:45 Orc Burrow
04:45 Beastiary
04:47 Beastiary
06:05 Orc Burrow
08:51 Great Hall
11:27 Great Hall
12:14 War Mill
13:50 Fortress
13:53 Beastiary
» items
                
                | Healing Salve | 5 |  | 
| Scroll of Speed | 1 |  | 
| Potion of Healing | 1 |  | 
| Orb of Lightning | 1 |  | 
| Tiny Great Hall | 1 |  | 
                9 total
  
               refereeshiyah, 
XiaoBa_MoMo, 
_slam_, 
neyxl, 
SparlScaR, 
taste_my_blade Chat log
          (00:08 / All) Tsl_yoyo: GG
(00:17 / All) K@yliN: gl hf
(00:24 / All) SparlScaR: gg _|_
(00:27 / All) taste_my_blade: ?
(00:30 / All) taste_my_blade: gg?
(00:53 / Referees) neyxl: GOOD GAME
(01:01 / Referees) SparlScaR: nop
(01:02 / Referees) taste_my_blade: aaaaaaaaaaaaaaaaaaaaaaaaaaaaaaaaaaaaa
(01:05 / Referees) taste_my_blade: aaaaaaaaaaaaaaaaaaaaaaa
(01:07 / Referees) taste_my_blade:  You need to remove any existing CSS in used, and revert to default.
(01:08 / Referees) taste_my_blade:  You need to remove any existing CSS in used, and revert to default.
(01:08 / Referees) taste_my_blade:  You need to remove any existing CSS in used, and revert to default.
(01:08 / Referees) SparlScaR: hu win
(01:09 / Referees) taste_my_blade: v
(01:13 / Referees) taste_my_blade: what means css
(01:15 / Referees) taste_my_blade: ?
(01:18 / Referees) taste_my_blade:  You need to remove any existing CSS in used, and revert to default.
(01:23 / Referees) taste_my_blade: what means css
(01:24 / Referees) taste_my_blade: ?
(02:04 / Referees) SparlScaR: ^^
(02:09 / Referees) SparlScaR: peon fighter
(02:45 / Referees) SparlScaR: tower vsf
(02:59 / Referees) XiaoBa_MoMo: what is that?
(03:12 / Referees) SparlScaR: ?
(03:28 / Referees) SparlScaR: o.O
(03:45 / Referees) XiaoBa_MoMo: b luck  golo
(04:00 / Referees) SparlScaR: from ??
(04:19 / Referees) XiaoBa_MoMo: me CHN
(04:23 / Referees) SparlScaR: lol
(04:33 / Referees) SparlScaR: i from brazilian
(04:42 / Referees) SparlScaR: china long +++++++++
(05:04 / Referees) XiaoBa_MoMo: YA
(05:16 / Referees) SparlScaR: lol
(05:58 / Referees) XiaoBa_MoMo: U KNOW sky ,suho,XiaoT?
(06:12 / Referees) XiaoBa_MoMo: they all chinese
(06:58 / Referees) SparlScaR: kkkkkk
(07:05 / Referees) SparlScaR: sky is gay ??
(07:06 / Referees) XiaoBa_MoMo: what?
(07:11 / Referees) XiaoBa_MoMo: ...
(07:17 / Referees) XiaoBa_MoMo: not
(07:18 / Referees) SparlScaR: =(
(08:19 / Referees) SparlScaR:  He is good, but I still just a fan of moon  
(08:30 / Referees) XiaoBa_MoMo: me  too
(09:01 / Referees) SparlScaR: HU imba in pach 1.22
(09:07 / Referees) XiaoBa_MoMo: ya
(09:14 / Referees) XiaoBa_MoMo: very  imba
(10:00 / Referees) SparlScaR: then say that the best are the Orc  
(10:04 / Referees) SparlScaR: =(
(10:54 / Referees) XiaoBa_MoMo: i  think   HUM   most imba
(11:10 / Referees) XiaoBa_MoMo: always
(11:14 / Referees) SparlScaR: archeman+mk+gryphon+ ???
(12:23 / Referees) XiaoBa_MoMo: Grubby is from  HOL?
(13:10 / Referees) SparlScaR: you know We.pepsi.infi and michael] eX [?   ?
(13:19 / Referees) XiaoBa_MoMo: YA
(13:24 / Referees) SparlScaR: lol
(13:43 / Referees) XiaoBa_MoMo: yes
(14:24 / Referees) SparlScaR: would you get some training with them to me?
(14:59 / Referees) SparlScaR: =(
(15:03 / Referees) SparlScaR: HU win
(15:11 / All) XiaoBa_MoMo: u   from?
(15:16 / All) Tsl_yoyo: CHINA
(15:24 / Referees) XiaoBa_MoMo: 呵呵
(15:28 / All) XiaoBa_MoMo: 呵呵
(15:28 / Referees) SparlScaR: ^^
(15:30 / All) Tsl_yoyo: ?
(15:31 / All) neyxl: 呵呵
(16:00 / Referees) SparlScaR: had to be Chinese ¬¬
(16:02 / All) XiaoBa_MoMo: any other chinese?
(16:20 / All) Tsl_yoyo: OVERSEA CHINESE
(16:56 / All) SparlScaR: with a razer mouse until I get so easily  
(16:58 / All) XiaoBa_MoMo: so   where   r  u  now?
(17:00 / All) SparlScaR: ¬¬
(17:05 / All) Tsl_yoyo: singapore
(18:17 / All) K@yliN: gg